 Dungeon Sprint DCSS version 0.22.1-2-g9c5b331383 (webtiles) character file.

5581 Groucho the Severer (level 10, -2/81 HPs)
             Began as a Deep Dwarf Fighter on Dec 18, 2018.
             Was the Champion of Makhleb.
             Hit by a large rock thrown by a stone giant (13 damage)
             ... in the Dungeon (Sprint IX: "|||||||||||||||||||||||||||||").
             The game lasted 00:04:08 (1681 turns).

Groucho the Severer (Deep Dwarf Fighter)            Turns: 1681, Time: 00:04:09

Health: -2/81      AC: 21    Str: 23    XL:     10   Next: 44%
Magic:  10/10      EV: 10    Int:  8    God:    Makhleb [******]
Gold:   18         SH: 14    Dex: 13    Spells: 9/9 levels left

rFire    . . .     SeeInvis .   q - +3 war axe (chop)
rCold    . . .     Gourm    .   c - +0 shield
rNeg     . . .     Faith    .   s - +1 chain mail
rPois    .         Spirit   .   (no helmet)
rElec    .         Reflect  .   r - +0 cloak
rCorr    .         Harm     .   a - +0 pair of gloves
MR       +....     NoTele   +   y - +0 pair of boots
Stlth    ..........             (no amulet)
HPRegen  0.00/turn              t - +2 ring of evasion
MPRegen  0.12/turn              u - +2 ring of protection

@: non-regenerating
A: damage resistance, heal wounds, sense surroundings 2, no regeneration
a: Heal Wounds, Minor Destruction, Lesser Servant of Makhleb, Major Destruction,
Greater Servant of Makhleb, Renounce Religion


You were in the Dungeon.
You worshipped Makhleb.
Makhleb was exalted by your worship.
You were not hungry.

You visited 1 branch You collected 18 gold pieces.

Inventory:

Hand Weapons
 p - a +2 morningstar of crushing
 q - a +3 war axe of chopping (weapon)
Armour
 a - a +0 pair of gloves (worn)
 c - a +0 shield (worn)
 r - a +0 cloak (worn)
 s - a +1 chain mail (worn)
 y - a +0 pair of boots (worn)
Jewellery
 t - a +2 ring of evasion (left hand)
 u - a +2 ring of protection (right hand)
Wands
 o - a wand of iceblast (10)
Scrolls
 k - 4 scrolls of blinking
 m - 3 scrolls of remove curse
 n - 2 scrolls of amnesia
 w - a scroll of identify
 x - 6 scrolls of enchant weapon
Potions
 d - a potion of might
 e - 5 potions of curing
 g - a potion of invisibility
 h - a potion of haste
 i - 4 potions of magic
 j - 2 potions of berserk rage
 l - 2 potions of brilliance
 v - 3 potions of heal wounds
Comestibles
 f - 11 rations


   Skills:
 - Level 2.6 Fighting
 - Level 17.4 Axes
 + Level 14.2 Armour
 + Level 14.2 Shields


You had 9 spell levels left.
You didn't know any spells.
Your spell library was empty.

Dungeon Overview and Level Annotations

Branches:
Dungeon (1/1)

Altars:
Cheibriados
Dithmenos
Elyvilon
Fedhas
Gozag
Hepliaklqana
Kikubaaqudgha
Makhleb
Nemelex Xobeh
Okawaru
Qazlal
Ru
Sif Muna
Trog
Uskayaw
Vehumet
Wu Jian
Xom
Yredelemnul
Zin
The Shining One
Beogh
Jiyva
Lugonu


Innate Abilities, Weirdness & Mutations

You are resistant to damage.
You can heal yourself by infusing magical energy.
You passively map the area around you.
You do not regenerate.


Message History

The orc warrior is severely wounded.
You hit the orc warrior but do no damage.
The orc warrior is severely wounded.
You block the orc warrior's attack.
You completely miss the orc warrior.
The orc warrior is severely wounded.
You slash the orc warrior!
You kill the orc warrior!
Makhleb accepts your kill.
You feel better.
Unknown command.
You slash the orc priest!
You kill the orc priest!
Makhleb accepts your kill.
The stone giant throws a large rock.
The large rock hits you!!
* * * LOW HITPOINT WARNING * * *
An orc comes into view.
The orc shouts!
You hear a shout!
The stone giant throws a large rock.
The large rock hits you!
You die...

________________'....)')....)...<
▓▓▓▓▓▓▓▓▓▓▓▓▓▓▓▓▓▓▓▓▓▓▓▓▓▓▓▓▓▓▓▓▓
.................................
▓▓▓▓▓▓▓▓▓▓▓▓▓▓▓▓▓▓▓▓▓▓▓▓▓▓▓▓▓▓▓▓.
††.........÷......:......'.......
▓▓▓▓▓▓▓▓▓▓▓▓▓▓▓▓▓▓▓▓▓▓▓▓▓▓▓▓▓▓▓▓▓
.................................
▓▓▓▓▓▓▓▓▓▓▓▓▓▓▓▓▓▓▓▓▓▓▓▓▓▓▓▓▓▓▓▓.
, , oooooC$@(((............. *
▓▓▓▓▓▓▓▓▓▓▓▓▓▓▓▓▓▓▓▓▓▓▓▓ , , , ,
, , ,, *** * * * * * * * * * , ,
+ , ,, * * * * ** * ,, , , , ,
,,, ,, * * * * * * ** * * * * *,
,, , ,, + , ,


You could see a stone giant, 3 orc warriors and 2 orcs.

Vanquished Creatures
  A hydra (D)
  A two-headed ogre (D)
  A black mamba (D)
  A gargoyle (D)
  3 spiny frogs (D)
  A troll (D)
  A yak (D)
  A steam dragon (D)
  4 porcupines (D)
  3 water moccasins (D)
  4 hell hounds (D)
  2 orc warriors (D)
  5 wolves (D)
  A centaur (D)
  2 big kobolds (D)
  4 crocodiles (D)
  A wight (D)
  2 orc priests (D)
  An orc wizard (D)
  A shadow imp (D)
  An ooze (D)
  2 adder zombies (D)
  An adder skeleton (D)
  2 orcs (D)
  A hobgoblin (D)
  2 jackals (D)
  3 frilled lizards (D)
52 creatures vanquished.

Notes
Turn   | Place    | Note
-------+----------+-------------------------------------------
     0 | D        | Groucho the Deep Dwarf Fighter began the quest for the Orb.
     0 | D        | Reached XP level 1. HP: 20/20 MP: 1/1
     4 | D        | Reached skill level 3 in Axes
    17 | D        | Reached skill level 4 in Axes
    20 | D        | Reached XP level 2. HP: 22/27 MP: 2/2
    24 | D        | Reached skill level 5 in Axes
   331 | D        | Noticed a centaur
   341 | D        | Killed a centaur
   341 | D        | Reached skill level 9 in Axes
   341 | D        | Reached XP level 3. HP: 31/33 MP: 3/3
   341 | D        | Reached XP level 4. HP: 38/40 MP: 4/4
   342 | D        | Reached skill level 10 in Axes
   356 | D        | Found a roughly hewn altar of Beogh.
   356 | D        | Found a snail-covered altar of Cheibriados.
   356 | D        | Found a shadowy altar of Dithmenos.
   356 | D        | Found a white marble altar of Elyvilon.
   356 | D        | Found a blossoming altar of Fedhas.
   356 | D        | Found an opulent altar of Gozag.
   357 | D        | Found a hazy altar of Hepliaklqana.
   358 | D        | Found a viscous altar of Jiyva.
   359 | D        | Found an ancient bone altar of Kikubaaqudgha.
   360 | D        | Found a corrupted altar of Lugonu.
   361 | D        | Found a burning altar of Makhleb.
   362 | D        | Found a sparkling altar of Nemelex Xobeh.
   363 | D        | Found an iron altar of Okawaru.
   364 | D        | Found a stormy altar of Qazlal.
   365 | D        | Found a sacrificial altar of Ru.
   366 | D        | Found a deep blue altar of Sif Muna.
   367 | D        | Found a bloodstained altar of Trog.
   368 | D        | Found a hide-covered altar of Uskayaw.
   369 | D        | Found a radiant altar of Vehumet.
   371 | D        | Became a worshipper of Makhleb the Destroyer
   373 | D        | Found an ornate altar of the Wu Jian Council.
   374 | D        | Found a shimmering altar of Xom.
   375 | D        | Found a basalt altar of Yredelemnul.
   376 | D        | Found a glowing silver altar of Zin.
   377 | D        | Found a glowing golden altar of the Shining One.
   394 | D        | Found the +7 lajatang of Order {silver, rMut}
   429 | D        | Noticed a big kobold
   429 | D        | Noticed a yak
   429 | D        | Noticed a big kobold
   429 | D        | Noticed a troll
   437 | D        | Killed a troll
   437 | D        | Reached * piety under Makhleb
   437 | D        | Reached skill level 14 in Axes
   437 | D        | Reached XP level 5. HP: 41/46 MP: 5/5
   437 | D        | Reached XP level 6. HP: 50/55 MP: 6/6
   448 | D        | Killed a yak
   448 | D        | Reached skill level 15 in Axes
   448 | D        | Reached XP level 7. HP: 44/61 MP: 7/7
   453 | D        | Reached ** piety under Makhleb
   453 | D        | Reached skill level 16 in Axes
   837 | D        | Noticed a two-headed ogre
   837 | D        | Noticed a gargoyle
   856 | D        | Killed a gargoyle
   856 | D        | Reached skill level 17 in Axes
   866 | D        | Killed a two-headed ogre
   866 | D        | Reached *** piety under Makhleb
   866 | D        | Reached XP level 8. HP: 39/68 MP: 8/8
  1147 | D        | Noticed a spiny frog
  1147 | D        | Noticed a spiny frog
  1147 | D        | Noticed a five-headed hydra
  1151 | D        | Noticed a spiny frog
  1153 | D        | Reached **** piety under Makhleb
  1163 | D        | Killed a five-headed hydra
  1163 | D        | Reached skill level 10 in Armour
  1163 | D        | Reached skill level 10 in Shields
  1163 | D        | Gained mutation: You passively map the area around you.
                  | [Deep Dwarf growth]
  1163 | D        | Reached XP level 9. HP: 35/74 MP: 9/9
  1176 | D        | Killed a spiny frog
  1184 | D        | Killed a spiny frog
  1184 | D        | Reached ***** piety under Makhleb
  1188 | D        | Killed a spiny frog
  1420 | D        | Noticed a black mamba
  1435 | D        | Reached XP level 10. HP: 57/81 MP: 10/10
  1442 | D        | Killed a black mamba
  1459 | D        | Reached ****** piety under Makhleb
  1660 | D        | Noticed a stone giant
  1681 | D        | Hit by a large rock thrown by a stone giant

Skill      XL: |  1  2  3  4  5  6  7  8  9 10 |
---------------+-------------------------------+-----
Axes           | 4 9 14 15 17 | 17.4
Armour         | 7 10 12 14 | 14.2
Shields        | 7 10 12 14 | 14.2
Fighting       | |  2.6

Action                   |  1- 3 |  4- 6 |  7- 9 | 10-12 || total
-------------------------+-------+-------+-------+-------++-------
Melee: War axe           |    29 |    23 |    95 |   104 ||   251
       Morningstar       |       |       |     9 |       ||     9
  Use: Potion            |     1 |     1 |     2 |       ||     4
  Eat: Chunk             |       |       |     2 |       ||     2
       Ration            |       |       |       |     1 ||     1
Armor: Scale mail        |    10 |     1 |       |       ||    11
       Chain mail        |       |     6 |    29 |    32 ||    67
Dodge: Dodged            |     4 |     5 |    31 |    20 ||    60
Block: Shield            |    14 |     8 |    44 |    41 ||   107
